 Dungeon Crawl Stone Soup version 0.27.1-3-gb3d3a73c9e (webtiles) character file.

Game seed: 13845153755146180358

41044 Crownlay the Cruncher (level 14, -7/126 HPs)
             Began as a Hill Orc Fighter on Oct 26, 2021.
             Was the Champion of Okawaru.
             Mangled by an 11-headed hydra (9 damage)
             ... on level 6 of the Lair of Beasts on Oct 27, 2021.
             The game lasted 00:40:55 (22026 turns).

Crownlay the Cruncher (Hill Orc Fighter)           Turns: 22026, Time: 00:40:55

Health: -7/126     AC: 20    Str: 28    XL:     14   Next: 13%
Magic:  21/21      EV: 13    Int: 11    God:    Okawaru [******]
Gold:   1269       SH:  5    Dex: 16    Spells: 13/13 levels left

rFire    . . .     SeeInvis .   j - +7 lajatang of Order {silver, rMut}
rCold    + . .     Faith    .   (shield currently unavailable)
rNeg     . . .     Spirit   .   F - +0 swamp dragon scales
rPois    +         Reflect  +   P - +0 helmet
rElec    .         Harm     .   i - +0 cloak {rPois}
rCorr    .         Rampage  .   t - +0 pair of gloves
rMut     +                      a - +2 pair of boots of the Exiled Ships {Str+4 Int+3}
Will     ++...                  b - amulet "Sovian" {Reflect rC+ SH+5}
Stlth    ++........             e - +6 ring of dexterity
HPRegen  0.31/turn              Q - ring of willpower
MPRegen  0.17/turn

@: heroic
A: no striking features
a: Renounce Religion, Heroism, Finesse


You were on level 6 of the Lair of Beasts.
You worshipped Okawaru.
Okawaru was exalted by your worship.
You visited 3 branches of the dungeon, and saw 18 of its levels.
You also visited: Ossuary.

You collected 2048 gold pieces.
You spent 779 gold pieces at shops.

Inventory:

Hand Weapons
 j - the +7 lajatang of Order (weapon) {silver, rMut}
   (You found it on level 6 of the Dungeon)

   It inflicts extra damage upon those it strikes, and deals substantially
   increased damage to chaotic, mutated and magically transformed beings.
   rMut:      It protects you from mutation.
 q - the +7 hunting sling "Crownlay's Death" {flame, *Corrode rC+ Int+2 Stlth+}
   (You found it on level 4 of the Dungeon)

   Any ammunition fired from it burns those it strikes, dealing additional fire
   damage.
   Int:       It affects your intelligence (+2).
   rC:        It protects you from cold.
   *Corrode:  It may corrode you when you take damage.
   Stlth:     It makes you more stealthy.
Missiles
 o - a boomerang of dispersal (quivered)
 r - 52 sling bullets
 G - 5 atropa-tipped darts
 S - 4 silver javelins
Armour
 a - the +2 pair of boots of the Exiled Ships (worn) {Str+4 Int+3}
   (You acquired it on level 7 of the Dungeon)

   Str:       It affects your strength (+4).
   Int:       It affects your intelligence (+3).
 c - a +0 kite shield
 i - a +0 cloak of poison resistance (worn)
 t - a +0 pair of gloves (worn)
 F - +0 swamp dragon scales (worn)
 O - a +0 plate armour
 P - a +0 helmet (worn)
Jewellery
 b - the amulet "Sovian" (around neck) {Reflect rC+ SH+5}
   (You acquired it on level 7 of the Dungeon)

   [amulet of reflection]

   It reflects blocked missile attacks.
   rC:        It protects you from cold.
   SH:        It affects your SH (+5).
 e - a +6 ring of dexterity (left hand)
 g - a ring of fire
 N - a ring of resist corrosion
 Q - a ring of willpower (right hand)
Wands
 y - a wand of mindburst (25)
 D - a wand of flame (29)
 R - a wand of polymorph (11)
Scrolls
 f - 7 scrolls of enchant weapon
 h - 7 scrolls of amnesia
 l - 5 scrolls of fog
 m - a scroll of summoning {unknown}
 s - 8 scrolls of teleportation
 u - 5 scrolls of immolation
 v - a scroll of acquirement
 x - 3 scrolls of enchant armour
 A - 3 scrolls of noise {unknown}
 B - a scroll of brand weapon {unknown}
 K - 2 scrolls of magic mapping
 L - 3 scrolls of fear
 M - 2 scrolls of holy word
 T - 2 scrolls of vulnerability {unknown}
 V - a scroll of blinking {unknown}
Potions
 d - 2 potions of haste
 k - 2 potions of mutation
 n - a potion of heal wounds
 p - 8 potions of curing
 w - 3 potions of ambrosia
 z - 3 potions of might
 C - 3 potions of attraction
 E - 2 potions of lignification
 H - 3 potions of flight
 I - 3 potions of berserk rage
 J - 2 potions of invisibility
 U - 2 potions of magic


   Skills:
 - Level 12.0(17.0) Fighting
 - Level 8.0(13.0) Axes
 * Level 13.7(18.7) Staves
 + Level 9.8(14.8) Armour
 - Level 3.2(8.2) Shields
 - Level 10.0 Invocations
 - Level 10.0 Evocations


You had 13 spell levels left.
You didn't know any spells.
Your spell library contained the following spells:

 Spells                   Type           Power      Damage    Failure   Level
 Corona                   Hex            0%         N/A       41%         1
 Freeze                   Ice            0%         1d3       41%         1
 Sandblast                Erth           0%         2d4       41%         1
 Shock                    Conj/Air       0%         1d3       41%         1
 Sting                    Tmut/Pois      0%         1d3       41%         1
 Passwall                 Tmut/Erth      0%         N/A       56%         2
 Poisonous Vapours        Pois/Air       0%         N/A       56%         2
 Static Discharge         Conj/Air       0%         N/A       56%         2
 Frozen Ramparts          Ice            0%         1d2       80%         3
 Gell's Gravitas          Tloc           0%         N/A       80%         3
 Ignite Poison            Fire/Tmut/Pois 0%         N/A       80%         3
 Lesser Beckoning         Tloc           0%         N/A       80%         3
 Mephitic Cloud           Conj/Pois/Air  0%         N/A       80%         3
 Swiftness                Air            0%         N/A       80%         3
 Teleport Other           Tloc           0%         N/A       80%         3
 Airstrike                Air            0%         N/A       99%         4
 Animate Armour           Summ/Erth      0%         N/A       99%         4
 Fulminant Prism          Conj/Hex       0%         3d6       99%         4
 Hailstorm                Conj/Ice       0%         3d3       99%         4
 Iskenderun's Mystic Bla  Conj/Tloc      0%         2d3       99%         4
 Olgreb's Toxic Radiance  Pois           0%         N/A       99%         4
 Alistair's Intoxication  Tmut/Pois      0%         N/A       100%        5
 Blade Hands              Tmut           0%         N/A       100%        5
 Bolt of Magma            Conj/Fire/Erth 0%         4d4       100%        5
 Irradiate                Conj/Tmut      0%         3d13      100%        5
 Lee's Rapid Deconstruct  Erth           0%         3d5*      100%        5
 Lightning Bolt           Conj/Air       0%         1d11      100%        5
 Summon Forest            Summ/Tloc      0%         N/A       100%        5
 Summon Mana Viper        Hex/Summ       0%         N/A       100%        5
 Invisibility             Hex            0%         N/A       100%        6
 Iron Shot                Conj/Erth      0%         9d1       100%        6
 Shadow Creatures         Summ           N/A        N/A       100%        6
 Dragon Form              Tmut           0%         N/A       100%        7
 Maxwell's Capacitive Co  Air            0%         ∞         100%        8


Dungeon Overview and Level Annotations

Branches:
Dungeon (11/15)            Temple (1/1) D:4            Lair (6/6) D:9
  Swamp (0/4) Lair:2        Snake (0/4) Lair:3        Slime (0/5) Lair:5
    Orc (0/2) D:11        Ossuary (visited)

Altars:
Ashenzari
Cheibriados
Dithmenos
Fedhas
Gozag
Hepliaklqana
Kikubaaqudgha
Makhleb
Nemelex Xobeh
Okawaru
Qazlal
Ru
Sif Muna
Trog
Vehumet
Wu Jian
Xom
Yredelemnul
Zin
The Shining One
Jiyva

Shops:
D:1 (   D:2 !   D:8 *   D:10 ?

Annotations:
Lair:2 exclusion: 4 oklob plants
Lair:5 1 runed translucent door


Message History

The nine-headed hydra bites you.
You hack one of the nine-headed hydra's heads off!
The eight-headed hydra grows two more!
You hit the ten-headed hydra.
The ten-headed hydra is severely wounded.
You hack one of the ten-headed hydra's heads off!
The nine-headed hydra grows two more!
You slash the 11-headed hydra!
The 11-headed hydra is severely wounded.
You block the 11-headed hydra's attack. The 11-headed hydra bites you.
The 11-headed hydra bites you!
* * * LOW HITPOINT WARNING * * *
You block the 11-headed hydra's attack. The 11-headed hydra bites you.
* * * LOW HITPOINT WARNING * * *
The 11-headed hydra closely misses you.
The 11-headed hydra bites you but does no damage. x2
The 11-headed hydra misses you. The 11-headed hydra bites you!
* * * LOW HITPOINT WARNING * * *
The 11-headed hydra bites you!
* * * LOW HITPOINT WARNING * * *
Okay, then.
Okay, then.
Okay, then.
Press: ? - help, v - describe, . - travel, g - get item
Here: an 11-headed hydra (severely wounded) Item here: a dream sheep skeleton.
The floor, spattered with blood.
An 11-headed hydra is nearby!
Press: ? - help, v - describe, . - travel, g - get item
Here: an 11-headed hydra (severely wounded) Item here: a dream sheep skeleton.
The floor, spattered with blood.
As you read the scroll of fear, it crumbles to dust.
You assume a fearsome visage.
The plant is unaffected.
The 11-headed hydra resists with almost no effort.
The 11-headed hydra bites you but does no damage.
You block the 11-headed hydra's attack.
The 11-headed hydra bites you but does no damage. x3
You block the 11-headed hydra's attack. The 11-headed hydra bites you!
* * * LOW HITPOINT WARNING * * *
The 11-headed hydra bites you!
You die...

.. .♣.. .. ... . . .. ..
♣♣.♣♣ .♣ ... ♣P♣.♣♣ ♣.
.... ♣P.P♣ ♣♣♣♣.
.....######♣♣#.## ♣....
....#.÷÷.##...#.##♣♣♣♣....
......÷÷D@...............P
................÷......†..
................÷.........
............^............#
...###.##P....#..##.###...
### ## #######..###.###.#
#P## ## ### ###


You could see a 11-headed hydra.

Vanquished Creatures
  Nessos (Lair:5)
  3 hydras
  A catoblepas (Lair:3)
  4 death yaks
  3 two-headed ogres (D:11)
  3 slime creatures (D:11)
  A harpy (Lair:6)
  A cyclops (D:11)
  12 elephants (Lair:6)
  7 cane toads
  A molten gargoyle (Lair:4)
  Maggie (D:7)
  3 unseen horrors
  10 komodo dragons
  A rime drake (Lair:6)
  3 trolls
  6 polar bears
  A hornet (D:8)
  8 blink frogs
  16 dream sheep
  3 shadows
  A wyvern (Lair:2)
  32 yaks
  5 basilisks
  Edmund (D:6)
  3 nagas (Lair:3)
  14 water moccasins
  4 orc warriors
  3 sky beasts
  11 black bears
  3 necrophages
  4 ogres
  11 wolves
  3 centaurs
  4 elf zombies (Ossuary)
  16 bullfrogs
  A gnoll sergeant (D:7)
  3 scorpions
  A water moccasin zombie (D:6)
  12 killer bees
  2 water moccasin skeletons
  7 wights (D:7)
  2 bullfrog zombies (D:5)
  2 lava snakes (Lair:4)
  3 hounds
  3 centaur zombies
  2 centaur skeletons
  2 human zombies (Ossuary)
  A bullfrog skeleton (D:6)
  A jelly (D:5)
  A gnoll shaman (D:9)
  4 iguanas
  4 orc wizards
  A killer bee zombie (D:9)
  A hound zombie (Ossuary)
  2 hound skeletons (D:4)
  4 mummies (Ossuary)
  8 gnolls
  6 adders
  A howler monkey skeleton (D:6)
  A white imp (D:4)
  An ufetubus (D:5)
  An adder skeleton (D:4)
  A dart slug (D:3)
  33 orcs
  5 ball pythons
  6 endoplasms
  2 giant cockroaches
  5 goblins
  9 hobgoblins
  4 jackals
  2 quokkas
  9 bats
  5 frilled lizards
  2 gnoll zombies (Ossuary)
  2 goblin zombies (Ossuary)
  5 kobolds
  A kobold zombie (Ossuary)
  2 rats (D:1)
374 creatures vanquished.

Vanquished Creatures (others)
  A bush (Lair:6)
  81 fungi
  114 plants
196 creatures vanquished.

Grand Total: 570 creatures vanquished

Notes
Turn   | Place    | Note
-------+----------+-------------------------------------------
     0 | D:1      | Crownlay the Hill Orc Fighter began the quest for the Orb.
     0 | D:1      | Reached XP level 1. HP: 19/19 MP: 1/1
   579 | D:1      | Reached XP level 2. HP: 17/27 MP: 2/2
   812 | D:1      | Got the Incunabulum of Toxic Enchantment
  1035 | D:1      | Found Ysunibev's Antique Weapon Emporium.
  1138 | D:2      | Reached XP level 3. HP: 24/33 MP: 3/3
  1241 | D:2      | Found Ythrutt's Distillery.
  1569 | D:2      | Found a faded altar of an unknown god.
  1891 | D:3      | Reached XP level 4. HP: 36/41 MP: 4/4
  2057 | D:3      | Reached skill level 5 in Axes
  2199 | D:3      | Noticed an ogre
  2207 | D:3      | Killed an ogre
  2208 | D:3      | Reached skill level 5 in Fighting
  2208 | D:3      | Reached XP level 5. HP: 24/48 MP: 5/5
  2363 | D:3      | Noticed an ogre
  2392 | D:3      | Killed an ogre
  2393 | D:3      | Reached XP level 6. HP: 19/56 MP: 6/6
  2847 | D:4      | Identified the +7 hunting sling "Crownlay's Death" {flame,
                  | *Corrode rC+ Int+2 Stlth+}
  3006 | D:4      | Found a bloodstained altar of Trog.
  3156 | D:4      | Identified the +6 short sword of the Foremost Mouths
                  | {vorpal, rF- Int+6}
  3374 | D:4      | Found a staircase to the Ecumenical Temple.
  3378 | Temple   | Entered the Ecumenical Temple
  3410 | Temple   | Became a worshipper of Warmaster Okawaru
  3477 | D:4      | Noticed a necrophage
  3480 | D:4      | Killed a necrophage
  3481 | D:4      | Reached XP level 7. HP: 63/63 MP: 7/7
  3483 | D:4      | Found a glowing silver altar of Zin.
  3740 | D:5      | Entered Level 5 of the Dungeon
  3924 | D:5      | Reached * piety under Okawaru
  4124 | D:5      | Reached skill level 5 in Invocations
  4153 | D:5      | Reached XP level 8. HP: 73/73 MP: 10/12
  4200 | D:5      | Reached ** piety under Okawaru
  4488 | D:6      | Found a shimmering altar of Xom.
  4488 | D:6      | Found an ancient bone altar of Kikubaaqudgha.
  4503 | D:6      | Found a radiant altar of Vehumet.
  4503 | D:6      | Found a broken altar of Ashenzari.
  4571 | D:6      | Found an opulent altar of Gozag.
  4572 | D:6      | Found an opulent altar of Gozag.
  4576 | D:6      | Found an opulent altar of Gozag.
  4589 | D:6      | Found an opulent altar of Gozag.
  4754 | D:6      | Found a sand-covered staircase.
  4754 | D:6      | Found the +7 lajatang of Order {silver, rMut}
  4763 | Ossuary  | Entered an ossuary
  4780 | Ossuary  | Reached XP level 9. HP: 36/82 MP: 12/15
  4782 | Ossuary  | Reached *** piety under Okawaru
  5235 | D:6      | Reached skill level 10 in Invocations
  5266 | D:6      | Found a stormy altar of Qazlal.
  5405 | D:6      | Found a snail-covered altar of Cheibriados.
  5603 | D:6      | Noticed Edmund
  5609 | D:6      | Killed Edmund
  5610 | D:6      | Reached skill level 1 in Staves
  5610 | D:6      | Reached skill level 1 in Evocations
  5787 | D:7      | Reached skill level 2 in Staves
  6011 | D:7      | Noticed Maggie
  6024 | D:7      | Killed Maggie
  6024 | D:7      | Reached **** piety under Okawaru
  6025 | D:7      | Reached skill level 3 in Staves
  6342 | D:7      | Reached skill level 4 in Staves
  6368 | D:7      | Reached XP level 10. HP: 93/93 MP: 17/17
  6454 | D:7      | Reached skill level 10 in Fighting
  6979 | D:7      | Identified 4 scrolls of acquirement
  6980 | D:7      | Acquired 767 gold pieces
  6982 | D:7      | Acquired the amulet "Sovian" {Reflect rC+ SH+5}
  7193 | D:8      | Received a gift from Okawaru
  7194 | D:8      | Reached skill level 5 in Staves
  7412 | D:8      | Found Anedyxko's Changing Room.
  7424 | D:8      | Bought a potion of lignification for 39 gold pieces
  7424 | D:8      | Bought a potion of mutation for 104 gold pieces
  8195 | D:8      | Reached skill level 6 in Staves
  8519 | D:2      | Bought a potion of heal wounds for 70 gold pieces
  8519 | D:2      | Bought 2 potions of flight for 84 gold pieces
  8519 | D:2      | Bought a potion of haste for 140 gold pieces
  8519 | D:2      | Bought a potion of berserk rage for 70 gold pieces
  8519 | D:2      | Bought a potion of invisibility for 112 gold pieces
  9037 | D:9      | Reached skill level 5 in Evocations
  9196 | D:9      | Found a staircase to the Lair.
  9377 | D:9      | Reached skill level 7 in Staves
  9677 | D:9      | Reached ***** piety under Okawaru
 10065 | D:10     | Entered Level 10 of the Dungeon
 10079 | D:10     | Reached XP level 11. HP: 89/102 MP: 18/18
 10165 | D:10     | Received a gift from Okawaru
 10304 | D:10     | Found Wuggiock's Magic Scroll Shop.
 10309 | D:10     | Bought a scroll of teleportation for 48 gold pieces
 10309 | D:10     | Bought a scroll of magic mapping for 56 gold pieces
 10309 | D:10     | Bought a scroll of fear for 56 gold pieces
 10851 | D:10     | Reached skill level 8 in Staves
 11419 | D:10     | Found a shadowy altar of Dithmenos.
 11494 | D:10     | Found a glowing golden altar of the Shining One.
 12210 | D:11     | Noticed a two-headed ogre
 12217 | D:11     | Killed a two-headed ogre
 12217 | D:11     | Received a gift from Okawaru
 12793 | D:11     | Found a staircase to the Orcish Mines.
 12848 | D:11     | Noticed a two-headed ogre
 12862 | D:11     | Killed a two-headed ogre
 12863 | D:11     | Reached skill level 9 in Staves
 13031 | D:11     | Noticed a two-headed ogre
 13041 | D:11     | Killed a two-headed ogre
 13400 | D:11     | Reached XP level 12. HP: 112/112 MP: 11/19
 13818 | Lair:1   | Entered Level 1 of the Lair of Beasts
 13895 | Lair:1   | Reached skill level 10 in Staves
 14422 | Lair:1   | Reached skill level 5 in Armour
 15266 | Lair:1   | Acquired the +2 pair of boots of the Exiled Ships {Str+4
                  | Int+3}
 15650 | Lair:2   | Found a staircase to the Swamp.
 15707 | Lair:2   | Received a gift from Okawaru
 16187 | Lair:2   | Reached skill level 11 in Staves
 16880 | Lair:3   | Noticed a catoblepas
 16890 | Lair:3   | Killed a catoblepas
 16925 | Lair:3   | Found a staircase to the Snake Pit.
 17746 | Lair:3   | Reached XP level 13. HP: 93/118 MP: 18/20
 19156 | Lair:5   | Reached skill level 12 in Staves
 19273 | Lair:5   | Found a runed translucent door.
 19273 | Lair:5   | Found a viscous altar of Jiyva.
 19274 | Lair:5   | Found a staircase to the Slime Pits.
 19274 | Lair:5   | Noticed an acid blob
 19380 | Lair:5   | Noticed Nessos
 19387 | Lair:5   | Killed Nessos
 21043 | Lair:5   | Reached skill level 10 in Evocations
 21146 | Lair:6   | Entered Level 6 of the Lair of Beasts
 21270 | Lair:6   | Reached skill level 13 in Staves
 21537 | Lair:6   | Received a gift from Okawaru
 21597 | Lair:6   | Reached XP level 14. HP: 123/126 MP: 21/21
 21938 | Lair:6   | Reached ****** piety under Okawaru
 22026 | Lair:6   | HP: 2/126 [11-headed hydra (10)]
 22026 | Lair:6   | Mangled by an 11-headed hydra

Illustrated notes

Levels and vault maps discovered:
D:1:      onia_arrival_mini_spirals, layout_basic, serial_shops,
          nicolae_shop_overgrown_old_shop, amethyst_killhole
D:2:      layout_basic, chequers_ecumenical_altar_island, serial_shops, shop
D:3:      layout_basic, minmay_misc_feat_doors, kennysheep_decorative_pillar,
          minmay_distorted
D:4:      layout_basic, nicolae_overflow_hidden_temple,
          trog_three_pillars_becter, minmay_temple_entry_glassed_door
D:5:      minmay_angry_zag, layout_loops_ring
D:6:      layout_loops_ring, nicolae_gozag_conspicuous_consumption,
          mainiacjoe_overflow_concentric_impassable, grunt_temple_overflow_open,
          overflow_temple_1_default, chequers_ossuary_entry_cave, uniq_edmund
D:7:      layout_cave_pods, uniq_maggie
D:8:      layout_loops_corners, nicolae_transmutations_shop
D:9:      layout_loops_cross, due_lair_maze_entry_diamond
D:10:     layout_layer_cave, general_overflow_altar, grunt_dithmenos_shadows,
          serial_shops, kennysheep_little_box, kennysheep_generic_room_2
D:11:     layout_roguey, david_orc_2, chequers_garden,
          hangedman_abyss_or_decor_jellyfish_corner
Temple:   chequers_temple_sunken
Lair:1:   layout_roguey, lemuel_fruit_fields, grunt_megastairs_1
Lair:2:   beast_lair_carwin_large_3, layout_regular_city, swamp_mist_pool,
          minmay_lair_oklob_chamber
Lair:3:   layout_chaotic_city, minmay_snake_entry_guardpost_small,
          hangedman_lair_unloving_vines
Lair:4:   layout_gridlike
Lair:5:   layout_cave_shapes, slime_altar_2, uniq_nessos
Lair:6:   gammafunk_lair_ancient_temple, layout_cellular_growth, minivault_27,
          wad_woods_road_02, serial_bayou_pond_b

Skill      XL: |  1  2  3  4  5  6  7  8  9 10 11 12 13 |
---------------+----------------------------------------+-----
Axes           | 3 4 6 8 |  8.0
Fighting       | 4 5 6 7 8 9 11 12 | 12.0
Invocations    | 5 9 10 | 10.0
Staves         | 4 7 9 11 13 | 13.7
Evocations     | 3 5 7 9 10 | 10.0
Armour         | 4 7 9 |  9.8
Shields        | |  3.2

Action                   |  1- 3 |  4- 6 |  7- 9 | 10-12 | 13-15 || total
-------------------------+-------+-------+-------+-------+-------++-------
Melee: War axe           |    97 |    32 |    27 |       |       ||   156
       Lajatang          |       |       |     2 |   395 |   266 ||   663
       Punch             |       |       |     1 |       |       ||     1
 Fire: Hunting sling     |       |    50 |   200 |   120 |       ||   370
Throw: Boomerang         |       |     3 |       |       |       ||     3
       Dart              |       |       |       |     3 |       ||     3
Invok: Heroism           |       |       |     1 |    19 |    17 ||    37
       Finesse           |       |       |       |     1 |     2 ||     3
Evoke: Wand              |       |       |       |     1 |     5 ||     6
  Use: Potion            |       |     1 |       |     1 |     3 ||     5
       Scroll            |       |       |     5 |     8 |     4 ||    17
Armor: Scale mail        |    46 |    20 |    60 |       |       ||   126
       Swamp dragon scal |       |       |     4 |   261 |   163 ||   428
Dodge: Dodged            |    63 |    19 |    73 |   230 |   138 ||   523
Block: Other             |       |       |       |    98 |    59 ||   157
       Reflection        |       |       |       |     2 |       ||     2
